 Dungeon Crawl Stone Soup version 0.25-a0-435-g4b9beb1024 (webtiles) character file.

Game seed: 1696124142638452810, levelgen mode: deterministic

357 Elellon the Magician (level 6, -6/32 HPs)
             Began as a Deep Elf Conjurer on Jan 29, 2020.
             Was an Initiate of Vehumet.
             Mangled by Duvessa
             ... wielding a +0 short sword
              (10 damage)
             ... on level 4 of the Dungeon.
             The game lasted 00:05:38 (3495 turns).

Elellon the Magician (Deep Elf Conjurer)            Turns: 3495, Time: 00:05:38

Health: -6/32      AC:  2    Str:  7    XL:     6   Next: 37%
Magic:  3/17       EV: 13    Int: 20    God:    Vehumet [......]
Gold:   183        SH:  0    Dex: 15    Spells: 11/18 levels left

rFire    . . .     SeeInvis .   (no weapon)
rCold    . . .     Gourm    .   (no shield)
rNeg     . . .     Faith    .   a - +0 robe
rPois    .         Spirit   .   (no helmet)
rElec    .         Reflect  .   (no cloak)
rCorr    .         Harm     .   (no gloves)
MR       .....                  (no boots)
Stlth    +.........             (no amulet)
HPRegen  0.10/turn              (no ring)
MPRegen  0.15/turn              (no ring)

@: glowing
A: no striking features
a: Renounce Religion


You were on level 4 of the Dungeon.
You worshipped Vehumet.
Vehumet was noncommittal.
You were hungry.

You visited 1 branch of the dungeon, and saw 4 of its levels.

You collected 183 gold pieces.

Inventory:

Armour
 a - a +0 robe (worn)
Jewellery
 h - an uncursed ring of fire {unknown}
 i - an uncursed amulet of magic regeneration {unknown}
 u - an uncursed amulet of regeneration {unknown}
Wands
 j - a wand of paralysis (8)
 t - a wand of flame (1)
Scrolls
 b - a scroll of random uselessness
 d - 2 scrolls of teleportation
 e - a scroll of amnesia
 g - a scroll of identify {unknown}
 k - 2 scrolls of enchant armour {unknown}
 l - 2 scrolls of fear {unknown}
 m - 2 scrolls of blinking {unknown}
 p - a scroll of remove curse {unknown}
 q - a scroll of magic mapping {unknown}
 v - 2 scrolls of fog {unknown}
 w - a scroll of enchant weapon {unknown}
Potions
 n - 2 potions of curing
 o - a potion of degeneration {unknown}
 s - a potion of resistance {unknown}
 x - a potion of berserk rage {unknown}
 z - a potion of haste {unknown}
 A - a potion of mutation {unknown}
Comestibles
 c - 5 rations


   Skills:
 - Level 2.4 Dodging
 - Level 2.4 Stealth
 + Level 6.7 Spellcasting
 + Level 6.7 Conjurations


You had 11 spell levels left.
You knew the following spells:

 Your Spells              Type           Power        Failure   Level  Hunger
a - Magic Dart            Conj           ####         1%          1    None
b - Searing Ray           Conj           ####..       1%          2    None
c - Iskenderun's Mystic   Conj/Tloc      ###.....     24%         4    ###....

Your spell library contained the following spells:

 Spells                   Type           Power        Failure   Level  Hunger
 Dazzling Flash           Conj/Hex       ###...       8%          3    #......
 Fulminant Prism          Conj/Hex       ###.......   24%         4    ###....


Dungeon Overview and Level Annotations

Branches:
Dungeon (4/15)
 Temple: D:4-7

Altars:
Makhleb
Vehumet

Shops:
D:4 =

Annotations:
D:4 Duvessa


Message History

You kill Dowan!
Vehumet accepts your kill.
Duvessa weeps, then rights herself and shakes her weapon.
Duvessa goes berserk!
The searing ray hits Duvessa but does no damage.
You finish channeling your searing ray.
Casting: Searing Ray (safe; 1% risk of failure)
Confirm with . or Enter, or press ? or * to list all spells.
Aiming: Searing Ray (safe; 1% risk of failure)
Press: ? - help, Shift-Dir - straight line, f - Duvessa
Aim: Duvessa, wielding a +0 short sword and wearing a +0 ring mail (berserk, fast, unusually strong)
The searing ray hits Duvessa.
Duvessa is lightly wounded. (Press . to maintain the ray.) Duvessa hits you with a +0 short sword! x2
* * * LOW HITPOINT WARNING * * *
The searing ray hits Duvessa.
Duvessa is lightly wounded.
Duvessa hits you with a +0 short sword!
You die...

...# . ...# ..
....# .. .....
...... #......
##.......
#@.......
.......e.......
.......)...[.≈≈
.##.........≈≈≈
##..........∩
##.......≈≈≈
#.!......≈≈
##......... #


You could see Duvessa (berserk).

Vanquished Creatures
  A scorpion (D:3)
  Dowan (D:4)
  A crimson imp (D:3)
  A hound (D:3)
  A bullfrog skeleton (D:3)
  6 adders
  4 gnolls (D:3)
  An ooze (D:2)
  3 worms
  A dart slug (D:1)
  6 leopard geckos
  4 orcs (D:3)
  A ball python (D:2)
  2 giant cockroaches
  6 hobgoblins
  5 bats
  3 frilled lizards
  6 goblins
  8 kobolds
  6 rats
67 creatures vanquished.

Notes
Turn   | Place    | Note
-------+----------+-------------------------------------------
     0 | D:1      | Elellon the Deep Elf Conjurer began the quest for the Orb.
     0 | D:1      | Reached XP level 1. HP: 10/10 MP: 6/6
   181 | D:1      | Reached XP level 2. HP: 15/15 MP: 0/8
   660 | D:1      | Learned a level 2 spell: Searing Ray
   899 | D:2      | Reached skill level 5 in Conjurations
   899 | D:2      | Reached XP level 3. HP: 4/19 MP: 5/10
  1690 | D:2      | Reached XP level 4. HP: 24/24 MP: 3/12
  2053 | D:3      | Reached skill level 5 in Spellcasting
  2203 | D:3      | Learned a level 4 spell: Iskenderun's Mystic Blast
  2272 | D:3      | Reached XP level 5. HP: 28/28 MP: 5/14
  2628 | D:3      | Found a burning altar of Makhleb.
  2629 | D:3      | Found a radiant altar of Vehumet.
  2775 | D:3      | Became a worshipper of Vehumet
  3215 | D:3      | Reached XP level 6. HP: 16/32 MP: 6/17
  3483 | D:4      | Found Ihiprera's Jewellery Boutique.
  3484 | D:4      | Noticed Dowan
  3488 | D:4      | Noticed Duvessa
  3492 | D:4      | Killed Dowan
  3495 | D:4      | Mangled by Duvessa

Levels and vault maps discovered:
D:1:      lightli_arrival_statue_moat, layout_rooms
D:2:      layout_basic, first_ration
D:3:      layout_rooms, grunt_temple_overflow_lords_of_destruction,
          serial_curves, eino_curves_02, eino_curves_04
D:4:      layout_layer_cave, serial_shops, nicolae_shop_waterfront,
          uniq_natasha, uniq_duvessa

Skill      XL: |  1  2  3  4  5 |
---------------+----------------+-----
Spellcasting   | 4 5 6 |  6.7
Conjurations   | 5 6 |  6.7
Dodging        | |  2.4
Stealth        | |  2.4

Action                   |  1- 3 |  4- 6 || total
-------------------------+-------+-------++-------
 Cast: Magic Dart        |    76 |    89 ||   165
       Searing Ray       |       |    10 ||    10
  Use: Potion            |     1 |       ||     1
       Scroll            |       |     4 ||     4
  Eat: Chunk             |     1 |     6 ||     7
Armor: Robe              |     2 |       ||     2
Dodge: Dodged            |     8 |     7 ||    15

Table legend:
 A = Non-vault XP
 B = Vault XP
 C = Vault XP percentage of total XP
 D = Non-vault monster count
 E = Vault monster count
 F = Vault count percentage of total count
                 A         B        C        D         E       F
            +---------+---------+-------+---------+---------+-------
      Total |     394 |     117 |  22.9 |      65 |       2 |   3.0
            +---------+---------+-------+---------+---------+-------
        D:1 |      29 |       0 |   0.0 |      18 |       0 |   0.0
        D:2 |      75 |       0 |   0.0 |      17 |       0 |   0.0
        D:3 |     287 |      50 |  14.8 |      29 |       1 |   3.3
        D:4 |       3 |      67 |  95.7 |       1 |       1 |  50.0
            +---------+---------+-------+---------+---------+-------
